Map: Void Thrashing

Players

wasp

  • Race: Protoss Protoss

larsgj

  • Race: Terran Terran

VOD

Have the link to the VOD?

Description

Time

  • Played on: Oct. 9, 2018, 9:26 a.m.
  • Length: 26:09
Show
View Real Time Build Order
Export as new Build Order

wasp Protoss 

Build Orders:  

Get SALT Encoding   

  1  0:00  Probe x12 (Chrono Boost)  
    0:10  Unknown x2  
  12  0:28  Pylon  
  12  0:50  Pylon  
  12  1:08  Gateway  
  12  1:43  Forge  
  12  2:08  Assimilator  
  12  2:16  Zealot  
  12  2:17  Assimilator  
  14  3:04  Probe (Chrono Boost)  
  15  3:10  Zealot  
  15  3:18  Probe (Chrono Boost)  
  18  3:32  Probe (Chrono Boost)  
  19  3:46  Probe (Chrono Boost)  
  20  3:51  Cybernetics Core  
  20  4:00  Probe (Chrono Boost)  
  20  4:07  Photon Cannon  
  21  4:21  Photon Cannon  
  21  5:00  Zealot  
  21  5:01  Zealot x2  
  27  6:09  Stargate  
  27  6:21  Stargate  
  27  6:40  Twilight Council  
  27  6:57  Robotics Facility  
  27  7:26  Phoenix  
  27  7:27  Phoenix  
  31  7:57  Pylon  
  31  8:09  Pylon  
  31  8:23  Pylon  
  31  8:35  Probe (Chrono Boost)  
  32  8:49  Probe (Chrono Boost)  
  33  9:55  Nexus  
  33  10:14  Phoenix  
  33  10:18  Zealot  
  19  13:01  Phoenix  
  19  13:02  Phoenix x4  
  19  13:03  Phoenix  
  19  13:07  Zealot x3  
  37  13:37  Phoenix x2  
  41  13:47  Zealot  
  43  14:24  Probe (Chrono Boost)  
  44  14:38  Probe (Chrono Boost)  
  45  14:52  Probe (Chrono Boost)  
  44  15:06  Probe (Chrono Boost)  
  93  15:20  Probe (Chrono Boost)  
  24  15:54  Phoenix x3  
  24  15:55  Phoenix x3  
  36  16:00  Zealot  
  20  17:14  Immortal x2  
  28  17:32  Pylon  
  28  17:39  Pylon  
  28  18:14  Cybernetics Core, Zealot x2  
  32  18:36  Photon Cannon  
  31  18:51  Photon Cannon  
  31  19:07  Phoenix  
  33  19:30  Stargate  
  33  19:46  Zealot  
  35  20:03  Templar Archives  
  35  20:38  Phoenix x2  
  39  20:50  Zealot  
  25  23:35  Phoenix x2  
  25  23:36  Phoenix  
  25  23:39  Zealot x3  
  37  23:46  Phoenix  
  37  23:47  Phoenix x2  
Show
View Real Time Build Order
Export as new Build Order

larsgj Terran 

Build Orders:  

Get SALT Encoding   

  1  0:00  Orbital Command, SCV x12  
    0:10  Unknown  
    0:13  SCV  
  13  0:30  Supply Depot  
  13  0:49  Barracks  
  13  0:55  SCV  
  14  1:12  SCV  
  15  1:23  Marine  
  15  1:25  Supply Depot  
  15  1:29  SCV  
  17  1:37  Marine  
  17  1:46  SCV  
  19  1:54  Refinery  
  19  2:03  SCV, Marine  
  21  2:14  Marine  
  22  2:20  SCV, Refinery  
  22  2:24  Marine  
  24  2:34  Marine  
  24  2:37  SCV  
  26  2:54  SCV  
  26  2:55  Marine  
  28  3:05  Marine  
  28  3:06  Supply Depot  
  30  3:20  Orbital Command  
  30  3:28  Barracks Tech Lab  
  30  3:40  Unknown, Marine  
  30  3:49  Factory  
  30  3:59  Engineering Bay  
  30  4:25  SCV  
  31  4:42  SCV  
  32  5:30  Stabilizer Medpacks  
  32  6:12  Barracks  
  30  6:23  Starport  
  28  6:41  Supply Depot  
  28  6:42  Supply Depot  
  28  6:50  Supply Depot x2  
  28  6:51  Supply Depot  
  28  6:55  Marine x2, Supply Depot  
  30  7:05  Marine x2  
  32  7:16  Marine  
  32  7:19  Barracks Tech Lab  
  34  7:29  Starport  
  34  7:30  Starport Tech Lab  
  34  7:40  Marine  
  34  7:48  Armory  
  34  7:51  Marine  
  35  8:02  Marine  
  35  8:03  Medic  
  38  8:32  Command Center  
  38  8:52  Command Center  
  38  9:10  Marine, Medic  
  41  9:20  Marine, Medic  
  44  9:30  Marine  
  44  9:34  Refinery  
  45  9:53  Marine, Medic  
  48  10:03  Marine  
  48  10:08  Refinery  
  49  11:01  Fusion Core  
  49  11:04  SCV  
  50  11:21  SCV  
  50  11:24  Marine  
  50  11:25  Medic  
  54  11:35  Marine x2, Starport Tech Lab  
  54  11:38  SCV  
  57  11:45  Marine  
  58  11:55  SCV  
  59  12:06  Marine  
  60  12:12  SCV  
  61  12:29  SCV  
  61  12:46  SCV  
  56  13:03  SCV  
  57  13:33  Orbital Command  
  57  13:38  Battlecruiser  
  57  13:39  Battlecruiser  
  69  13:58  Advanced Optics  
  69  14:06  Supply Depot  
  69  14:13  SCV  
  70  14:37  Supply Depot  
  70  14:39  Supply Depot  
  70  14:40  Supply Depot  
  70  14:41  Supply Depot  
  70  14:42  Supply Depot  
  70  14:46  Supply Depot  
  70  14:50  Supply Depot  
  70  15:00  Weapon Refit  
  70  15:10  Battlecruiser  
  76  15:57  Afterburners  
  76  16:00  Battlecruiser  
  76  16:01  Battlecruiser  
  88  16:16  Marine, Medic  
  91  16:26  Marine x2  
  93  16:36  Marine, Medic  
  96  16:43  Battlecruiser  
  96  16:46  Marine  
  103  16:57  Terran Vehicle and Ship Weapons Level 1  
  103  17:28  Battlecruiser  
  103  17:29  Battlecruiser  
  115  19:06  Battlecruiser  
  115  19:07  Battlecruiser  
  117  19:21  Marine, Medic  
  120  19:31  Marine  
  120  19:32  Medic  
  120  19:37  Terran Vehicle And Ship Armor Level 1  
  123  19:42  Marine x2  
  123  19:48  Supply Depot  
  123  19:49  Battlecruiser x2, Supply Depot  
  137  21:38  Battlecruiser x2  
  146  22:01  Marine x2  
  148  22:11  Marine  
  148  22:12  Marine  
  148  22:17  Terran Vehicle and Ship Weapons Level 2  
  150  22:20  Battlecruiser  
  150  22:21  Medic  
  150  22:22  Medic  
  160  22:32  Medic x2  
  164  22:42  Medic  
Tags
 
Commander
ArtanisRaynor
Matchup
Co-op
Replay Pack
Multiplayer
Add a new tag
Caveats
  • Supply blocks, unpowered buildings, or Contaminate may cause inaccurate times.
  • Supply counts are checked every 10 seconds.